Map: Hard Lead LE

Players

SubN

  • Race: Zerg Zerg
  • League: Diamond
  • Spawn Location: 11:00

YNSEN - Winner!

  • Race: Terran Terran
  • League: Diamond
  • Spawn Location: 5:00

VOD

Have the link to the VOD?

Description

Time

  • Played on: Jan. 20, 2024, 2:53 p.m.
  • Length: 12:32
Show
View Real Time Build Order
Export as new Build Order

SubN Zerg 

Build Orders: Pool First 

Get SALT Encoding   

  12  0:00  Drone  
  13  0:12  Overlord  
  13  0:17  Drone  
  14  0:30  Drone x2  
  14  0:35  Drone  
  17  0:44  Extractor  
  17  0:46  Spawning Pool  
  17  0:48  Drone  
  16  1:10  Hatchery  
  15  1:14  Drone  
  15  1:18  Drone  
  17  1:22  Drone  
  18  1:28  Drone  
  19  1:38  Queen  
  21  1:42  Zergling x2  
  22  1:48  Metabolic Boost  
  22  1:55  Overlord  
  22  2:08  Overlord  
  22  2:15  Zergling x2  
  23  2:19  Queen  
  25  2:24  Queen  
  27  2:31  Drone x2  
  29  2:46  Zergling x6  
  29  2:49  Drone x2  
  33  3:07  Hatchery  
  33  3:11  Overlord  
  32  3:19  Lair  
  32  3:22  Drone  
  32  3:24  Drone  
  34  3:27  Drone  
  34  3:30  Drone  
  34  3:33  Drone  
  37  3:35  Drone  
  37  3:40  Drone  
  37  3:41  Drone  
  40  3:51  Extractor  
  39  3:58  Drone x5  
  44  4:13  Overlord x3  
  44  4:22  Overlord  
  44  4:23  Extractor  
  43  4:26  Extractor  
  43  4:31  Queen x2  
  46  4:32  Drone, Roach Warren  
  46  4:33  Drone  
  46  4:34  Drone  
  46  4:37  Drone  
  49  4:46  Drone x5  
  55  4:52  Drone  
  55  4:55  Drone x4  
  56  5:03  Zergling x2  
  56  5:04  Zergling x10  
  60  5:19  Zergling x2  
  60  5:20  Roach x5  
  69  5:26  Queen  
  69  5:36  Queen  
  69  5:38  Queen  
  69  5:41  Overlord x3  
  73  5:48  Glial Reconstitution  
  73  5:52  Overlord x2  
  73  6:07  Spore Crawler  
  73  6:08  Spore Crawler  
  71  6:12  Spore Crawler  
  70  6:19  Queen  
  70  6:20  Drone  
  70  6:21  Drone x7  
  70  6:22  Drone x7  
  87  6:28  Drone x3  
  90  6:35  Evolution Chamber  
  90  6:37  Evolution Chamber  
  90  6:39  Drone  
  89  6:40  Drone, Spire  
  89  6:41  Drone  
  90  6:53  Roach  
  90  6:54  Roach x4  
  100  7:01  Spore Crawler  
  100  7:08  Extractor  
  98  7:09  Extractor  
  93  7:20  Hatchery  
  93  7:21  Drone x6  
  95  7:23  Overseer  
  95  7:24  Overseer  
  95  7:26  Overseer  
  95  7:28  Zerg Missile Weapons Level 1  
  95  7:31  Zerg Ground Armor Level 1  
  95  7:32  Overlord  
  95  7:33  Overlord x4  
  95  7:35  Drone x2  
  95  7:36  Drone  
  98  7:51  Drone x3  
  99  7:55  Drone x3  
  99  7:56  Drone x2  
  99  7:57  Drone x2  
  105  7:59  Pneumatized Carapace  
  105  8:01  Zerg Flyer Weapons Level 1  
  105  8:02  Overlord x2  
  105  8:03  Overlord  
  105  8:17  Mutalisk  
  105  8:18  Mutalisk x8  
  123  8:22  Zergling x6  
  126  8:39  Drone  
  126  8:41  Spine Crawler  
  124  8:42  Queen  
  124  8:44  Drone x14  
  140  8:57  Overseer x3  
  140  9:00  Mutalisk  
  140  9:01  Mutalisk x3  
  148  9:17  Zergling x2  
  148  9:18  Zergling x6  
  152  9:29  Drone  
  152  9:30  Baneling Nest, Overlord x2  
  128  9:41  Zergling x2  
  128  9:42  Zergling x24  
  114  9:53  Mutalisk  
  114  9:54  Mutalisk x3  
  114  9:59  Zerg Flyer Weapons Level 2  
  111  10:09  Mutalisk x5  
  111  10:14  Drone x2  
  123  10:16  Queen  
  123  10:18  Centrifugal Hooks  
  123  10:19  Baneling  
  123  10:20  Baneling x2  
  125  10:24  Overlord  
  125  10:31  Drone x2  
  125  10:33  Drone x4  
  125  10:34  Drone x3  
  134  10:36  Drone x4  
  134  10:39  Drone x2  
  140  10:47  Baneling x11  
  135  10:52  Zergling x10  
  135  10:53  Zergling x2  
  132  11:15  Zergling x2  
  132  11:16  Zergling x24  
  109  11:37  Hatchery  
  106  11:44  Baneling  
  106  11:45  Zergling x2, Baneling x6  
  106  11:46  Zergling x12  
  113  11:48  Hatchery  
Show
View Real Time Build Order
Export as new Build Order

YNSEN Terran - Winner!

Build Orders: Reaper Expand 

Get SALT Encoding   

  12  0:00  SCV  
  13  0:12  SCV  
  14  0:19  Supply Depot  
  14  0:25  SCV  
  15  0:40  SCV  
  15  0:41  Barracks  
  16  0:44  Refinery  
  16  0:52  SCV  
  17  1:04  SCV  
  18  1:16  SCV  
  19  1:28  Reaper  
  19  1:31  Orbital Command  
  20  1:42  Command Center  
  20  1:49  Supply Depot  
  20  1:57  SCV  
  21  2:01  Marine  
  22  2:16  SCV  
  22  2:19  Factory  
  23  2:36  Barracks Reactor  
  22  2:37  SCV  
  22  2:44  Command Center  
  23  2:56  SCV  
  25  2:59  Refinery, Orbital Command  
  24  3:06  Starport  
  24  3:08  SCV  
  25  3:19  Hellion  
  27  3:20  SCV  
  27  3:24  Hellion, Barracks Tech Lab  
  27  3:26  SCV  
  31  3:36  SCV  
  31  3:41  Hellion, SCV  
  35  3:45  Hellion  
  35  3:47  Stimpack  
  37  3:49  SCV  
  38  4:00  Orbital Command  
  39  4:03  Hellion  
  39  4:07  Hellion  
  39  4:09  SCV x2  
  43  4:14  Liberator  
  46  4:21  SCV x2  
  48  4:31  Supply Depot  
  48  4:33  Supply Depot, SCV x2  
  48  4:37  Hellion x2  
  54  4:38  SCV  
  55  4:45  SCV x2  
  55  4:50  SCV  
  58  5:03  Barracks x2  
  56  5:15  SCV x3  
  59  5:27  SCV x3  
  62  5:31  Engineering Bay  
  62  5:32  Engineering Bay  
  62  5:37  Supply Depot  
  62  5:38  Supply Depot  
  62  5:39  SCV x2  
  64  5:42  Viking  
  64  5:48  SCV  
  67  5:51  Barracks  
  67  5:52  Barracks  
  67  5:53  Refinery  
  67  5:56  Refinery  
  67  6:14  Hellion x2  
  67  6:15  Supply Depot  
  71  6:22  Combat Shield  
  71  6:24  Terran Infantry Weapons Level 1  
  71  6:25  Terran Infantry Armor Level 1  
  71  6:26  Starport Reactor  
  71  6:33  Barracks  
  71  6:34  Barracks Reactor x2  
  71  6:36  Barracks  
  71  6:38  Barracks x2  
  71  6:45  Barracks Tech Lab x2  
  71  6:49  Armory  
  71  6:52  Widow Mine x2  
  71  6:53  SCV  
  71  6:54  SCV x2  
  78  7:05  SCV  
  78  7:06  SCV  
  78  7:18  Medivac, Widow Mine x2  
  78  7:19  Marine, Medivac  
  78  7:20  Marine x7  
  82  7:37  Marine x2  
  82  7:39  Barracks Reactor x3  
  82  7:41  Barracks Tech Lab  
  82  7:43  Marauder x3, Marine x2  
  92  7:50  Terran Vehicle And Ship Armor Level 1  
  92  7:51  Supply Depot x2  
  92  7:55  Marine  
  90  8:00  Marine x2  
  90  8:01  Marine  
  90  8:04  Marauder  
  95  8:13  Orbital Command  
  95  8:14  Marine x2  
  95  8:15  Marauder x2  
  95  8:18  Supply Depot  
  95  8:19  Marauder  
  103  8:21  Supply Depot  
  103  8:24  Terran Infantry Weapons Level 2  
  103  8:35  Marauder, Marine  
  103  8:36  Marauder x2, Marine  
  103  8:38  Marine  
  108  8:44  SCV x3  
  111  8:56  Marine x4  
  111  8:57  Marine x7  
  111  9:02  Supply Depot  
  122  9:04  SCV x2  
  122  9:05  SCV  
  122  9:06  Supply Depot  
  125  9:16  SCV x2  
  122  9:18  Marine x3  
  122  9:19  Marine x3  
  118  9:25  Missile Turret  
  93  9:48  Marine x14  
  93  9:50  SCV x2  
  96  10:05  Marine  
  96  10:06  Marauder, Marine  
  96  10:07  Marauder x3  
  103  10:09  Marine x8  
  103  10:12  Widow Mine  
  107  10:16  Widow Mine  
  109  10:23  Marine x2  
  109  10:27  Marine x3  
  109  10:28  Marauder, Marine  
  116  10:29  Marine x4  
  116  10:34  Widow Mine  
  121  10:38  Widow Mine  
  123  10:50  Marine x6  
  123  10:51  Marauder  
  123  10:52  Medivac x2  
  123  10:54  Marine  
  123  10:55  Widow Mine  
  120  11:22  Medivac x2  
  102  11:32  Marine  
  102  11:33  Marine x13  
  102  11:37  SCV x2  
  109  11:50  Marine  
  109  11:51  Marauder x3, Marine x2  
  109  11:52  Marauder, Medivac x2  
  109  11:53  Marine x3  
  127  11:59  Widow Mine  
  130  12:01  SCV x3  
  132  12:13  SCV x3  
Tags
 
Add a new tag
Caveats
  • Supply blocks, unpowered buildings, or Contaminate may cause inaccurate times.
  • Supply counts are checked every 10 seconds.